[Event "Early-Titled-Tuesday-Blitz-March-12-2024"]
[Site "Chess.com"]
[Date "2024.03.12"]
[Round "7"]
[White "CSB7"]
[Black "Zq1"]
[Result "1/2-1/2"]
[WhiteElo "2787"]
[BlackElo "2590"]
[TimeControl "180+1"]
[EndTime "9:16:28 PDT"]
[Termination "Game drawn by repetition"]

1. e4 c5 2. Nf3 d6 3. Bb5+ Bd7 4. a4 Nf6 5. Nc3 Nc6 6. O-O e6 7. Re1 Be7 8. d4 cxd4 9. Nxd4 Rc8 10. Nxc6 Bxc6 11.
Bd3 O-O 12. b3 Nd7 13. Bb2 Bf6 14. Qd2 a6 15. Rad1 Nc5 16. Bf1 Nxe4 17. Nxe4 Bxb2 18.
Nxd6 Rc7 19. c3 Rd7 20. Qxb2 Rxd6 21. Qc1 Rxd1 22. Rxd1 Qf6 23. Qe3 h6 24. h3 Rd8 25.
Rxd8+ Qxd8 26. Qc5 Qd1 27. a5 Qxb3 28. Bxa6 Qd1+ 29.
Bf1 Bd5 30. Qc8+ Kh7 31. Qc5 Qa1 32. Qb4 g5 33. f3 Qc1 34. Kf2 Qd2+ 35. Kg1 Qe3+ 36.
Kh2 e5 37. a6 bxa6 38. Bxa6 Qf2 39. Bd3+ Kg7 40. Qd6 Bxf3 41. Qxe5+ Kf8 42. Qh8+ Ke7 43. Qe5+ Kf8 44. Qh8+ Ke7 45. Qe5+ Kf8 1/2-1/2

[Event "Early-Titled-Tuesday-Blitz-March-12-2024"]
[Site "Chess.com"]
[Date "2024.03.12"]
[Round "7"]
[White "HanSchut"]
[Black "Rosh1610"]
[Result "1-0"]
[WhiteElo "2334"]
[BlackElo "2456"]
[TimeControl "180+1"]
[EndTime "9:16:29 PDT"]
[Termination "HanSchut won by checkmate"]

1. e4 e5 2. Nf3 Nc6 3. Bc4 Nf6 4. d4 exd4 5. e5 d5 6. Bb5 Ne4 7. Nxd4 Bd7 8. Bxc6 bxc6 9. O-O Bc5 10. f3 Ng5 11.
Be3 Ne6 12. c3 Bxd4 13. cxd4 O-O 14. f4 f5 15. Nc3 a5 16. Na4 Bc8 17. Rc1 Ba6 18.
Rf2 Qd7 19. b3 Bb5 20. Nc5 Nxc5 21. Rxc5 a4 22. b4 Qe6 23. a3 Bc4 24. h3 Rf7 25. Kh2 Bb5 26. Rf3 g6 27. Bf2 Re8 28. Bh4 h5 29.
Bf6 Kh7 30. Rg3 Rxf6 31. exf6 Qxf6 32. Rcc3 Re4 33. Rce3 Rxd4 34. Re7+ Kh6 35. Re6 Qxe6 36. Qxd4 Kh7 37. Re3 Qf7 38. Qc5 Kh6 39. Re7 Qf6 40.
Rxc7 h4 41. Qa7 g5 42. Rf7 Qg6 43. Qe7 Kh5 44. Rh7+ Qxh7 45. Qxh7# 1-0

[Event "Early-Titled-Tuesday-Blitz-March-12-2024"]
[Site "Chess.com"]
[Date "2024.03.12"]
[Round "7"]
[White "Cheer_Down"]
[Black "tarno17"]
[Result "1-0"]
[WhiteElo "2426"]
[BlackElo "2209"]
[TimeControl "180+1"]
[EndTime "9:16:30 PDT"]
[Termination "Cheer_Down won on time"]

1. e4 c5 2. Nf3 e6 3. d4 cxd4 4. Nxd4 a6 5. c4 Qc7 6. a3 Nf6 7. Nc3 Nc6 8. Be3 Be7 9. Be2 O-O 10. O-O Ne5 11. Rc1 Rd8 12. f4 Ng6 13. e5 Ne8 14. Ne4 d6 15. exd6 Nxd6 16. Nxd6 Bxd6 17. g3 Bd7 18. c5 Be7 19. b4 Bc6 20. Bf3 Bd5 21. Qe2 Bf6 22. Rfd1 Rd7 23. h4 Rad8 24. h5 Ne7 25. Bf2 Bxf3 26. Nxf3 Nf5 27. a4 Nd4 28. Bxd4 Bxd4+ 29. Kg2 Qc6 30. b5 axb5 31. axb5 Qc7 32. Nxd4 Rxd4 33. Rxd4 Rxd4 34. Rc2 Rd5 35. Qf2 h6 36. c6 bxc6 37. Rxc6 Qd7 38. Kh3 Rxb5 39.
Qc2 Rf5 40. Rc8+ Kh7 41. g4 1-0

[Event "Early-Titled-Tuesday-Blitz-March-12-2024"]
[Site "Chess.com"]
[Date "2024.03.12"]
[Round "7"]
[White "mitrabhaa"]
[Black "Byniolus"]
[Result "1-0"]
[WhiteElo "2950"]
[BlackElo "2823"]
[TimeControl "180+1"]
[EndTime "9:16:31 PDT"]
[Termination "mitrabhaa won by resignation"]

1. Nf3 d5 2. c4 c6 3. e3 Nf6 4. Nc3 Bg4 5. Qb3 Qb6 6. cxd5 Bxf3 7. gxf3 Qxb3 8. axb3 Nxd5 9. Nxd5 cxd5 10. d4 Nc6 11. Bd2 e6 12. Ra4 Bd6 13. b4 Ke7 14. b5 Nb8 15. Bd3 Nd7 16. Ke2 Nb6 17. Ra2 Rhc8 18. Rha1 Bb8 19. Bb4+ Kd7 20. Bc5 Nc4 21. b3 Nd6 22. b6 a6 23. b4 Nc4 24. b5 a5 25.
Bxc4 dxc4 26. f4 Bd6 27. Bxd6 Kxd6 28. Kd2 c3+ 29. Kc2 Kd5 30. Rxa5 Rxa5 31. Rxa5 Kc4 32. Ra7 Rb8 33. Ra3 Kxb5 34. Rb3+ Ka5 35. Kxc3 Rc8+ 36. Kd2 Rc6 37. h4 Rxb6 38. Ra3+ Kb5 39. Ra8 Rc6 40. Rg8 g6 41. Rg7 Rc7 42. Rxh7 Kc4 43. h5 gxh5 44.
Rxh5 b5 45. Rh1 Ra7 46. Rc1+ Kb3 47. Rb1+ Kc4 48. Rc1+ Kb3 49. e4 b4 50. Kd3 Ra2 51. d5 exd5 52. exd5 Ra6 53. Rb1+ Ka2 54. Rxb4 Rd6 55.
Kd4 1-0

[Event "Early-Titled-Tuesday-Blitz-March-12-2024"]
[Site "Chess.com"]
[Date "2024.03.12"]
[Round "7"]
[White "bazar-wokzal"]
[Black "ulises2013"]
[Result "1-0"]
[WhiteElo "2561"]
[BlackElo "2700"]
[TimeControl "180+1"]
[EndTime "9:16:31 PDT"]
[Termination "bazar-wokzal won by resignation"]

1. e4 g6 2. Nc3 Bg7 3. h4 h6 4. h5 g5 5. d4 c5 6. dxc5 Bxc3+ 7. bxc3 Qa5 8. Qd4 Nf6 9. Qb4 Qc7 10. f3 Nc6 11. Qa3 b6 12. Be3 bxc5 13. Bxc5 d6 14. Be3 O-O 15. Bd3 Ne5 16. Ne2 Nc4 17. Bxc4 Qxc4 18.
Qb4 Qc7 19. Rb1 Be6 20. Qa3 Bc4 21. Nd4 Rfc8 22. Kf2 a5 23. Nf5 Kh7 24. Bd4 e5 25. Bb6 Qd7 26. Qxd6 Qxd6 27. Nxd6 Rc6 28. Nxc4 Rxc4 29.
Rhd1 Rxc3 30. Rd2 Kg7 31. Rb5 Nxh5 32. Rxe5 Rc6 33. Bxa5 Nf4 34. a3 Rac8 35. c3 Rb8 36. Bb4 Rb7 37. a4 f6 38. Rb5 Ra7 39. a5 Kg6 40.
Rb6 Rc4 41. Rdd6 Rf7 42. a6 Rcc7 43. g3 Nh5 44. Rdc6 Rcd7 45. Bd6 Kh7 46. c4 Ng7 47. c5 Ne6 48. Rc8 f5 49. e5 Ra7 50. Re8 Ng7 51.
Rf8 Rxf8 52. Bxf8 Kg8 53. Bxg7 Rxg7 54. Rb7 1-0

[Event "Early-Titled-Tuesday-Blitz-March-12-2024"]
[Site "Chess.com"]
[Date "2024.03.12"]
[Round "7"]
[White "wonderfultime"]
[Black "TigrVShlyape"]
[Result "1-0"]
[WhiteElo "3067"]
[BlackElo "2917"]
[TimeControl "180+1"]
[EndTime "9:16:34 PDT"]
[Termination "wonderfultime won on time"]

1. d4 f5 2. e4 fxe4 3. Nc3 Nf6 4. Bg5 g6 5. f3 d5 6. fxe4 Nxe4 7. Nxe4 dxe4 8.
Bc4 Qd6 9. Qd2 Bg7 10. Ne2 Be6 11. Bxe6 Qxe6 12. O-O Nd7 13. Nf4 Qd6 14. d5 Nf8 15.
Qe2 h6 16. Bh4 O-O-O 17. Bg3 Qb6+ 18. Kh1 g5 19. Nh5 Bf6 20. Qxe4 Nd7 21. c4 Kb8 22. Rab1 a5 23. b3 Nc5 24. Qe3 Ka8 25. a3 Nd7 26.
Qe2 Rhe8 27. b4 Bd4 28. c5 Qg6 29. c6 Nb8 30. bxa5 Rxd5 31. Bxc7 Qxc6 32. Bb6 Nd7 33. Bxd4 Rxd4 34. Ng7 Rc8 35. Nf5 Re4 36. Qb2 Nc5 37. Rfc1 1-0

[Event "Early-Titled-Tuesday-Blitz-March-12-2024"]
[Site "Chess.com"]
[Date "2024.03.12"]
[Round "7"]
[White "Hovik_Hayrapetyan"]
[Black "david_gomez"]
[Result "1-0"]
[WhiteElo "2842"]
[BlackElo "2627"]
[TimeControl "180+1"]
[EndTime "9:16:34 PDT"]
[Termination "Hovik_Hayrapetyan won on time"]

1. d4 d5 2. c4 e6 3. Nc3 c5 4.
cxd5 exd5 5. dxc5 d4 6. Na4 b5 7. cxb6 axb6 8. e4 Nf6 9. f3 Bb4+ 10. Kf2 Bd7 11. b3 O-O 12. Bd3 Nc6 13. Bd2 Ba3 14.
Bc1 Bb4 15. Ne2 Ne5 16. Nb2 Qc7 17. Bf4 Nh5 18. Rc1 Qb8 19. Bxe5 Qxe5 20. Nc4 Qf6 21. a4 b5 22. axb5 Bxb5 23. e5 Qg5 24. h4 Qe7 25. g4 Bxc4 26. Rxc4 Bc5 27. gxh5 Qxe5 28. Qd2 Rfe8 29. Qg5 f5 30. Rg1 Ra2 31. Rxc5 Rxe2+ 32. Bxe2 Qxe2+ 33. Kg3 Re3 34. Qxf5 1-0

[Event "Early-Titled-Tuesday-Blitz-March-12-2024"]
[Site "Chess.com"]
[Date "2024.03.12"]
[Round "7"]
[White "AlexPapasimakopoulos"]
[Black "Barmen_EV"]
[Result "1-0"]
[WhiteElo "2716"]
[BlackElo "2512"]
[TimeControl "180+1"]
[EndTime "9:16:34 PDT"]
[Termination "AlexPapasimakopoulos won by resignation"]

1. d4 f5 2. f3 Nf6 3. c4 g6 4. Nc3 Bg7 5. e4 d6 6. exf5 Bxf5 7.
Bd3 Qd7 8. Nge2 Nc6 9. g4 Bxd3 10. Qxd3 O-O-O 11. g5 Nh5 12. Be3 e5 13. O-O-O Rhe8 14. d5 Nb4 15. Qd2 a5 16. a3 Na6 17. Nb5 b6 18. Ng3 Nxg3 19. hxg3 e4 20. f4 Nc5 21.
Bxc5 dxc5 22. Qe3 Kb7 23. Rd2 Qg4 24. Rh4 Qf3 25. Qxf3 exf3 26. Rxh7 Rd7 27. Rhh2 Rde7 28. Rhf2 Re3 29. Kc2 R8e4 30. b3 a4 31. bxa4 Rxc4+ 32. Kd1 Rb3 33. Rc2 Rxa4 34. d6 cxd6 35. Nxd6+ Kc6 36.
Nc4 Bd4 37. Nd2 Rbxa3 38. Rxf3 Rxf3 39. Nxf3 Kd5 40. Ke2 b5 41. g4 Ra3 42. Nxd4 Kxd4 43. f5 gxf5 44. gxf5 Re3+ 45. Kd1 b4 46. Rg2 b3 47. g6 c4 48. g7 Re8 49. g8=Q Rxg8 50. Rxg8 c3 51. Rb8 c2+ 52. Kc1 Kc3 53. f6 b2+ 54. Rxb2 1-0

[Event "Early-Titled-Tuesday-Blitz-March-12-2024"]
[Site "Chess.com"]
[Date "2024.03.12"]
[Round "7"]
[White "AlessiaSanteramo"]
[Black "ExchangeAB"]
[Result "1-0"]
[WhiteElo "2260"]
[BlackElo "2499"]
[TimeControl "180+1"]
[EndTime "9:16:35 PDT"]
[Termination "AlessiaSanteramo won by checkmate"]

1. e4 c6 2. d4 d5 3. Nc3 dxe4 4. Nxe4 Nf6 5. Nxf6+ exf6 6. c3 Bd6 7. Bd3 O-O 8. Qc2 Re8+ 9. Ne2 h6 10. Be3 Na6 11.
O-O-O Nc7 12. Rdg1 Ne6 13. g4 Qc7 14. h4 Nf4 15. g5 Nxe2+ 16. Qxe2 fxg5 17. hxg5 Bf4 18.
gxh6 g6 19. Kc2 Bxe3 20. fxe3 Kh7 21. e4 c5 22. d5 Qe5 23. Qf2 Re7 24. Qxc5 b6 25.
Qd4 Bd7 26. Rf1 Rf8 27. Rf6 Bg4 28. Kd2 Bh5 29. Qxe5 Rxe5 30. Rhf1 Re7 31. d6 Rd7 32. Bb5 Rxd6+ 33. Rxd6 Kxh6 34. e5 Rc8 35. e6 fxe6 36.
Rxe6 Rc5 37. Bd3 Rd5 38. Rff6 Kg5 39. Ke3 Ra5 40. Bxg6 Bxg6 41. Rxg6+ Kf5 42. Ref6+ Ke5 43. a3 Rd5 44. Rc6 Rd1 45. Rg5# 1-0

[Event "Early-Titled-Tuesday-Blitz-March-12-2024"]
[Site "Chess.com"]
[Date "2024.03.12"]
[Round "7"]
[White "Skatchkov_V"]
[Black "toninhojit"]
[Result "1-0"]
[WhiteElo "2679"]
[BlackElo "2533"]
[TimeControl "180+1"]
[EndTime "9:16:36 PDT"]
[Termination "Skatchkov_V won by resignation"]

1. d4 Nf6 2. c4 c5 3. d5 e6 4.
Nc3 exd5 5. cxd5 d6 6. Nf3 g6 7. Bf4 a6 8. a4 Bg7 9. e3 O-O 10. h3 Re8 11. Nd2 Nh5 12. Bh2 f5 13. Be2 f4 14.
O-O fxe3 15. fxe3 Nf6 16. Nc4 Bf8 17. Bd3 Qe7 18. Qf3 Nbd7 19. Bxd6 Qd8 20. e4 Bxd6 21.
Nxd6 Rf8 22. Qg3 Qe7 23. Nf5 Qe5 24. Qg5 Kh8 25. Kh1 gxf5 26. Rxf5 Qe7 27. e5 Ng8 28. e6 Qxg5 29. Rxg5 Ndf6 30. Rf1 Re8 31. Rgf5 Nxd5 32. Nxd5 Bxe6 33. Rh5 h6 34. Nc7 c4 35. Bg6 Rf8 36. Rxf8 Rxf8 37. Nxe6 Rf6 38. Bf5 Ne7 39. Bg4 Rf2 40.
Kh2 Rxb2 41. Rc5 b5 42. axb5 axb5 43. Nd4 Ng6 44. Rxb5 Rd2 45. Nf3 Nf4 46. Nxd2 1-0

[Event "Early-Titled-Tuesday-Blitz-March-12-2024"]
[Site "Chess.com"]
[Date "2024.03.12"]
[Round "7"]
[White "Korchmar_Vasiliy"]
[Black "Oleksandr_Bortnyk"]
[Result "0-1"]
[WhiteElo "2722"]
[BlackElo "3002"]
[TimeControl "180+1"]
[EndTime "9:16:37 PDT"]
[Termination "Oleksandr_Bortnyk won on time"]

1. d4 Nf6 2. Bf4 b6 3. Nf3 Bb7 4. e3 d6 5. h3 g6 6. Bh2 Bg7 7. Be2 O-O 8. O-O a5 9. c4 Nbd7 10. Nc3 Ne4 11. Nxe4 Bxe4 12. Rc1 Qb8 13. Nd2 Bb7 14.
Nb1 c5 15. Nc3 Rc8 16. d5 Ba6 17. a4 Re8 18. e4 Qd8 19. f4 e5 20. dxe6 Rxe6 21.
f5 Bd4+ 22. Kh1 Re8 23. Nd5 Bb7 24. Bxd6 Rxe4 25. fxg6 hxg6 26. Bf3 Bxd5 27. cxd5 Re8 28. Qb3 Ne5 29. Bxe5 Rxe5 30. d6 Ra7 31. Bd5 Qxd6 32.
Bxf7+ Kg7 33. Rf3 Rae7 34. Rcf1 Re3 35. Qd1 Rxf3 36. Qxf3 Re3 37. Qa8 Kh6 38. Qg8 Bxb2 39. Ba2 Bg7 40. Qc4 Bd4 41. Qg8 Bg7 42. Bb1 Qc6 43.
Qf7 Rxh3+ 44. Kg1 Bd4+ 45. Rf2 Bxf2+ 46. Kxf2 Rh5 47. Qf8+ Kg5 48. g4 Rh2+ 49. Ke3 Rh3+ 50. Kf2 Qf6+ 0-1

[Event "Early-Titled-Tuesday-Blitz-March-12-2024"]
[Site "Chess.com"]
[Date "2024.03.12"]
[Round "7"]
[White "javierfreilemartin"]
[Black "Allion2017"]
[Result "1/2-1/2"]
[WhiteElo "2248"]
[BlackElo "2303"]
[TimeControl "180+1"]
[EndTime "9:16:37 PDT"]
[Termination "Game drawn by repetition"]

1. c4 Nf6 2. Nc3 e6 3. e4 d5 4. e5 d4 5. exf6 dxc3 6. bxc3 Qxf6 7. Nf3 c5 8. Bd3 Nc6 9. O-O Bd6 10. Be4 Bd7 11. Rb1 b6 12. d4 h6 13. dxc5 Bxc5 14. Nd4 Rc8 15. Nxc6 Bxc6 16. Bxc6+ Rxc6 17. Qa4 e5 18.
Be3 O-O 19. Bxc5 bxc5 20. Qxa7 Qf4 21. Rb8 Rxb8 22. Qxb8+ Kh7 23. Qb5 Rc8 24. Qd7 Ra8 25. Qd5 Rxa2 26. Qxc5 Rc2 27. Qd5 Rxc3 28. Rd1 Rxc4 29.
g3 Qe4 30. Qxf7 Rc2 31. Rd7 Qe1+ 32. Kg2 Qe4+ 33. Kh3 Qg6 34. Qxg6+ Kxg6 35. f3 Rf2 36. Kg4 h5+ 37. Kh4 Rxf3 38. Rd6+ Rf6 39. Rd5 Re6 40. h3 e4 41. Rg5+ Kf7 42. Rb5 e3 43. Rb1 e2 44.
Re1 g6 45. g4 hxg4 46. hxg4 Kf6 47. Kg3 g5 48. Kf3 Re5 49. Rxe2 Rxe2 50. Kxe2 Ke5 51. Ke3 Kd5 52. Kd3 Ke5 53. Ke3 Kd5 54. Kd3 Ke5 55. Ke3 1/2-1/2

[Event "Early-Titled-Tuesday-Blitz-March-12-2024"]
[Site "Chess.com"]
[Date "2024.03.12"]
[Round "7"]
[White "ilqar_74"]
[Black "Triumphmate"]
[Result "1-0"]
[WhiteElo "2841"]
[BlackElo "2518"]
[TimeControl "180+1"]
[EndTime "9:16:38 PDT"]
[Termination "ilqar_74 won by resignation"]

1. e4 d5 2. exd5 Nf6 3. d4 Bg4 4. Bb5+ c6 5. dxc6 Nxc6 6. Nf3 e6 7. c3 Be7 8. Be2 O-O 9. O-O Rc8 10. h3 Bh5 11.
Bg5 h6 12. Bh4 Nd5 13. Bxe7 Ncxe7 14. Nbd2 Nf4 15. Re1 Qb6 16. Qb3 Nxe2+ 17. Rxe2 Qa6 18. Re5 Bxf3 19. Nxf3 Rfd8 20. Qb5 Qd6 21. a4 a6 22. Qb3 Nc6 23. Ree1 Na5 24. Qd1 Nc4 25. Qe2 b5 26.
axb5 axb5 27. Ne5 Rc7 28. Nxc4 bxc4 29. Ra4 Qc6 30. Rb4 Ra8 31. Qe4 Ra1 32. Qe2 Rca7 33. Rxa1 Rxa1+ 34. Kh2 f6 35. Rxc4 Qd6+ 36. g3 Qd5 37. f3 Qf5 38. Rc8+ Kh7 39. Qe4 Rb1 40. Qxf5+ exf5 41. Rb8 Rc1 42. h4 f4 43. gxf4 Kg6 44. Rb7 Kf5 45. Kg3 Rg1+ 46. Kf2 Rb1 47. Rxg7 h5 48.
Re7 Kxf4 49. Re4+ Kf5 50. Re2 Kf4 51. d5 Rd1 52. Re4+ Kf5 53. Rd4 Rh1 54. d6 Rh2+ 55.
Kg3 Rxb2 56. d7 1-0

[Event "Early-Titled-Tuesday-Blitz-March-12-2024"]
[Site "Chess.com"]
[Date "2024.03.12"]
[Round "7"]
[White "JoliyRoger"]
[Black "amelia91"]
[Result "1-0"]
[WhiteElo "2424"]
[BlackElo "2085"]
[TimeControl "180+1"]
[EndTime "9:16:39 PDT"]
[Termination "JoliyRoger won on time"]

1. d4 Nf6 2. c4 e6 3. Nc3 Bb4 4. a3 Bxc3+ 5. bxc3 b6 6. f3 Nc6 7. e4 d6 8. Bg5 e5 9. Ne2 O-O 10. Ng3 h6 11. Be3 Ba6 12. Bd3 Na5 13. Qe2 c5 14.
O-O cxd4 15. cxd4 Rc8 16. Rac1 exd4 17. Bxd4 Nb3 18. Bb2 Nxc1 19. Rxc1 Nd7 20. f4 Qh4 21.
Bxg7 Qxf4 22. Rf1 Qg5 23. Nf5 Ne5 24. Bxh6 Qg4 25. Qxg4+ Nxg4 26. Bxf8 Kxf8 27. Nxd6 Rc7 28. Be2 Ne5 29. Rf5 Rc5 30. Nb5 Ke7 31. Nxa7 Bxc4 32.
Rxe5+ Rxe5 33. Bxc4 Rxe4 34. Bb5 Re1+ 35. Kf2 Ra1 36.
a4 Ra2+ 37. Kg3 Kd6 38. Nc8+ Ke5 39. Nxb6 f5 40. Nc4+ Kd4 41. Nd6 1-0

[Event "Early-Titled-Tuesday-Blitz-March-12-2024"]
[Site "Chess.com"]
[Date "2024.03.12"]
[Round "7"]
[White "kassablanca"]
[Black "Kielinkei"]
[Result "1-0"]
[WhiteElo "2782"]
[BlackElo "2573"]
[TimeControl "180+1"]
[EndTime "9:16:44 PDT"]
[Termination "kassablanca won by resignation"]

1. d4 Nf6 2. c4 e6 3. Nf3 d5 4. Nc3 Bb4 5. e3 O-O 6. Bd2 c5 7. cxd5 Nxd5 8. Nxd5 Bxd2+ 9. Qxd2 Qxd5 10. dxc5 Qxc5 11.
Rc1 Qe7 12. Be2 Nc6 13. O-O e5 14. Bb5 Bd7 15. Rfd1 Rfd8 16. Qd6 Qxd6 17. Rxd6 f6 18. Rcd1 Bg4 19. Bxc6 Rxd6 20. Rxd6 bxc6 21. Rxc6 Bxf3 22. gxf3 Rd8 23. b3 Rd7 24. h4 h5 25. Kg2 Kf7 26. Kg3 Rb7 27. Ra6 Ke7 28. f4 exf4+ 29. Kxf4 Kf7 30. e4 Ke7 31. f3 Kf7 32. Ra5 g6 33.
e5 fxe5+ 34. Kxe5 Ke7 35. Kf4 Kf7 36. Kg5 Rd7 37. f4 Kg7 38. f5 gxf5 39. Rxf5 Rd6 40. Ra5 a6 41. Kxh5 Kf7 42. Kg5 Kg7 43. h5 Rc6 44.
Rd5 Rc7 45. h6+ Kh7 46. Kh5 Rb7 47. Rg5 Rc7 48. b4 Rb7 49. a3 Rc7 50. Rg6 Ra7 51.
Kg5 a5 52. b5 a4 53. Rg7+ 1-0

[Event "Early-Titled-Tuesday-Blitz-March-12-2024"]
[Site "Chess.com"]
[Date "2024.03.12"]
[Round "7"]
[White "SuperPower2011"]
[Black "HajiyevKanan"]
[Result "1-0"]
[WhiteElo "2803"]
[BlackElo "2574"]
[TimeControl "180+1"]
[EndTime "9:16:44 PDT"]
[Termination "SuperPower2011 won by resignation"]

1. e4 c6 2. d4 d5 3. Nc3 a6 4.
Nf3 Bg4 5. exd5 cxd5 6. Be2 e6 7.
h3 Bh5 8. Ne5 Bxe2 9. Nxe2 Nf6 10. O-O Bd6 11. Bf4 O-O 12. c3 Nc6 13. Qd3 Qc7 14.
Nxc6 Bxf4 15. Nxf4 Qxf4 16. Ne5 b5 17. Rae1 Ne4 18.
Re3 Ra7 19. Qe2 Rc7 20. Nd3 Qg5 21. Qe1 Rfc8 22. f3 Nd6 23. Re5 Qg6 24. Nf4 Qf6 25.
Nh5 Qg6 26. Nf4 Qh6 27. Qg3 Nf5 28. Rxf5 exf5 29. Nxd5 Rd7 30. Qe5 Rcd8 31. Ne7+ Kf8 32. Nxf5 Qg5 33. Re1 f6 34. Qc5+ Kg8 35. h4 Qf4 36.
Re7 Rxe7 37. Qxe7 Qxf5 38. Qxd8+ Kf7 39. Qc7+ Kg6 40. Qg3+ Kh6 41. Qe1 Qc2 42. Qe3+ Kg6 43. Qe4+ Qxe4 44. fxe4 Kh5 45. d5 Kg6 46. Kf2 f5 47. e5 1-0

[Event "Early-Titled-Tuesday-Blitz-March-12-2024"]
[Site "Chess.com"]
[Date "2024.03.12"]
[Round "7"]
[White "LiamPutnam2008"]
[Black "luckyswitchback"]
[Result "1-0"]
[WhiteElo "2900"]
[BlackElo "2686"]
[TimeControl "180+1"]
[EndTime "9:16:45 PDT"]
[Termination "LiamPutnam2008 won on time"]

1. e4 c6 2. Nf3 d5 3. Nc3 dxe4 4. Nxe4 Nf6 5. Qe2 Nxe4 6. Qxe4 Qd5 7. Qf4 Qf5 8. d3 Qxf4 9. Bxf4 f6 10. O-O-O e5 11.
Bg3 c5 12. c3 Nc6 13. d4 cxd4 14. cxd4 Bf5 15. Bb5 Rc8 16. Nh4 Bd7 17. Kb1 Nxd4 18. Bxd7+ Kxd7 19. f4 Bd6 20. Rhe1 Rhe8 21. fxe5 fxe5 22.
Bf2 g6 23. Re4 Kc7 24. Bxd4 exd4 25. Rexd4 Rcd8 26. Nf3 Bc5 27. Rxd8 Rxd8 28. Rxd8 Kxd8 29. Kc2 Kd7 30. Kd3 Be7 31. Ke4 Kd6 32. Ne5 Ke6 33. Nd3 Bd6 34. h3 a6 35. a4 Be7 36. b4 Kd6 37.
Kd4 Bf6+ 38. Kc4 Kc6 39. b5+ axb5+ 40. axb5+ Kd6 41. Nc5 Kc7 42. Kd5 Be7 43. Na4 Kd7 44.
Nb6+ Kc7 45. Nc4 Kd7 46. Ne5+ Kc7 47. Ke6 Bb4 48. Nc4 1-0

[Event "Early-Titled-Tuesday-Blitz-March-12-2024"]
[Site "Chess.com"]
[Date "2024.03.12"]
[Round "7"]
[White "VladimirKramnik"]
[Black "GalaxyRoman"]
[Result "1-0"]
[WhiteElo "2990"]
[BlackElo "2721"]
[TimeControl "180+1"]
[EndTime "9:16:46 PDT"]
[Termination "VladimirKramnik won by resignation"]

1. Nf3 d5 2. g3 Bg4 3. Bg2 e6 4. d3 Nd7 5. h3 Bh5 6. O-O c6 7. Qe1 Ngf6 8. e4 dxe4 9. dxe4 Bxf3 10. Bxf3 e5 11. Kg2 Be7 12. Nd2 O-O 13. Nc4 Qc7 14.
Ne3 Rfd8 15. a4 Nc5 16. Nf5 Ne6 17. c3 Bf8 18. Qe2 Rd7 19. h4 Rad8 20. a5 h5 21. b4 g6 22. Ne3 b5 23. axb6 axb6 24. Qc2 b5 25. Rd1 Rxd1 26. Bxd1 Qd7 27. Bf3 Qd3 28.
Qxd3 Rxd3 29. Nd1 Nd7 30. Be3 c5 31. Be2 Rd6 32. Bxb5 cxb4 33. cxb4 Nd4 34. Bxd7 Rxd7 35. Rb1 Nb5 36. Bc5 Bh6 37. Ne3 Bxe3 38. Bxe3 Rd3 39. Kf1 Ra3 40. Rc1 Rb3 41. Rc8+ Kg7 42. Bc5 Rb2 43.
Bf8+ Kf6 44. Rc6+ 1-0

[Event "Early-Titled-Tuesday-Blitz-March-12-2024"]
[Site "Chess.com"]
[Date "2024.03.12"]
[Round "7"]
[White "kidagent"]
[Black "Rainbow2014"]
[Result "1-0"]
[WhiteElo "2334"]
[BlackElo "2437"]
[TimeControl "180+1"]
[EndTime "9:16:46 PDT"]
[Termination "kidagent won on time"]

1. e4 c5 2. Nf3 d6 3. d4 cxd4 4.
Nxd4 Nf6 5. Nc3 a6 6. h3 e5 7. Nde2 Be6 8. g4 Nbd7 9. Bg2 Nc5 10. Ng3 Be7 11. O-O O-O 12. g5 Nfd7 13. h4 b5 14. Nd5 Bxd5 15. exd5 Nb6 16. b3 f5 17. f4 Nbd7 18. fxe5 Nxe5 19. Nxf5 Rc8 20. Bb2 b4 21. Bxe5 dxe5 22. d6 Rxf5 23. Rxf5 Bxd6 24. Qd5+ Kh8 25. Rd1 Qd7 26. Bh3 Qa7 27. Kh1 Bf8 28. Qd8 Qa8+ 29.
Qd5 Ne4 30. Qxa8 Rxa8 31. Kh2 Nc3 32. Rd7 e4 33. Bg2 Re8 34. Rf1 e3 35. Re1 g6 36. Rd3 Bc5 37. a3 a5 38. axb4 axb4 39.
Bf3 e2 40. Kg2 h6 41. gxh6 Kh7 42. Rxc3 bxc3 43. Rxe2 Rf8 44. Re5 Bd4 45. Rd5 Bf6 46. h5 g5 47. Be4+ Kxh6 48. Bg6 Bg7 49. Rd6 1-0

[Event "Early-Titled-Tuesday-Blitz-March-12-2024"]
[Site "Chess.com"]
[Date "2024.03.12"]
[Round "7"]
[White "AnishOnYoutube"]
[Black "atbenina64"]
[Result "1/2-1/2"]
[WhiteElo "3035"]
[BlackElo "2748"]
[TimeControl "180+1"]
[EndTime "9:16:47 PDT"]
[Termination "Game drawn by repetition"]

1. e4 c5 2. Nf3 d6 3. Bb5+ Bd7 4. c4 Nf6 5. Nc3 a6 6. Bxd7+ Nbxd7 7. d3 Ne5 8. Ng1 g6 9. f4 Nc6 10. Nf3 Bg7 11. O-O O-O 12. Kh1 Rb8 13. a4 Ne8 14. Bd2 Nc7 15. a5 Ne6 16. Nd5 Bxb2 17. Rb1 Bg7 18.
f5 Ned4 19. Nxd4 Nxd4 20. Bg5 f6 21. Bd2 e6 22. fxe6 Nxe6 23. Qg4 Nd4 24. Qg3 f5 25. Bg5 Qd7 26. exf5 Nxf5 27. Qh3 Rf7 28. Rbe1 h6 29. Bd2 Rbf8 30. g4 Nd4 31. Rxf7 Qxf7 32. Bf4 Re8 33. Re4 Rxe4 34. dxe4 Qe6 35. Qg2 g5 36. Bd2 Qf7 37. h3 Qe6 38. Bc3 Nc6 39. Bd2 Ne5 40. Qe2 Ng6 41. Be1 Bd4 42. Bg3 Be5 43. Bf2 Nf4 44.
Nxf4 Bxf4 45. Kg2 Be5 46. Qd3 Qf7 47. Qb3 Kg7 48. Be3 Qe6 49. Bd2 Qd7 50. Be3 Qf7 51. Bd2 Qd7 52. Be3 Qf7 53. Bd2 Qd7 1/2-1/2

[Event "Early-Titled-Tuesday-Blitz-March-12-2024"]
[Site "Chess.com"]
[Date "2024.03.12"]
[Round "7"]
[White "profedechess93"]
[Black "MaxLeto"]
[Result "1-0"]
[WhiteElo "2627"]
[BlackElo "2489"]
[TimeControl "180+1"]
[EndTime "9:16:47 PDT"]
[Termination "profedechess93 won on time"]

1. e4 c5 2. Nf3 d6 3. Bb5+ Nd7 4.
d4 cxd4 5. Qxd4 a6 6. Bxd7+ Bxd7 7. Bg5 h6 8. Bh4 Nf6 9. Nc3 e6 10. O-O-O Be7 11. e5 dxe5 12. Nxe5 Bc6 13. Nxc6 bxc6 14.
Bxf6 Bxf6 15. Qc4 Qc7 16. Ne4 Be7 17. Nc5 O-O 18. Rd7 Bg5+ 19. Kb1 Qb6 20. Rb7 Qa5 21. h4 Bf6 22. g4 Rfd8 23. g5 Rd4 24. Nb3 Rxc4 25.
Nxa5 Ra4 26. Nb3 hxg5 27. hxg5 Bxg5 28. Rg1 Bf6 29. a3 Rd8 30. Rc7 Rd6 31. Nc5 Rc4 32. Nxa6 Rd2 33. Nb4 c5 34. Nd3 Rcxc2 35. Rxc5 Rxc5 36.
Nxc5 Rxb2+ 37. Kc1 Rxf2 38. Ne4 Rf4 39. Nd6 g6 40. Kc2 Rf3 41. a4 Ra3 42. Rg4 Kg7 43. Ne8+ 1-0

[Event "Early-Titled-Tuesday-Blitz-March-12-2024"]
[Site "Chess.com"]
[Date "2024.03.12"]
[Round "7"]
[White "PolandHussars"]
[Black "Veleamater"]
[Result "1-0"]
[WhiteElo "2542"]
[BlackElo "2311"]
[TimeControl "180+1"]
[EndTime "9:16:48 PDT"]
[Termination "PolandHussars won by resignation"]

1. e4 d6 2. g3 g6 3. Bg2 Bg7 4. Ne2 Nf6 5. d4 O-O 6. O-O Nc6 7. h3 e5 8. Be3 h6 9. Qd2 Kh7 10. Nbc3 Nd7 11. Rad1 Nb6 12. b3 f5 13. dxe5 dxe5 14. Qxd8 Nxd8 15. exf5 gxf5 16. Bc5 Re8 17. a4 Ne6 18.
Be3 f4 19. Bc1 Ng5 20. gxf4 exf4 21. Bxf4 Nxh3+ 22. Bxh3 Bxh3 23. Rfe1 Bg4 24. Rc1 c6 25. a5 Nd7 26. Bd2 Nf6 27. Ng3 Rad8 28. Rxe8 Nxe8 29.
Nce4 Nf6 30. Be3 Bf3 31. Nxf6+ Bxf6 32. Bxa7 Rg8 33. Re1 h5 34. Re6 Bd8 35. Re3 Bg4 36.
Kf1 h4 37. Ne4 Kg6 38. f3 Bh3+ 39. Ke2 Bxa5 40. Nf2 Bf5 41. Bd4 Bxc2 42. Re6+ Kf7 43. Rf6+ Ke7 44. Rh6 Bxb3 45. Rh7+ Ke6 46. Rxb7 Rg2 47.
Rxb3 h3 48. f4 h2 49. Rh3 Kd5 50. Be3 c5 51. Kf3 Rg8 52. Rh5+ Ke6 53. Rxc5 Be1 54. Rh5 Rg1 55. Rxh2 Bc3 56. Ne4 Ba1 57. Bxg1 1-0

[Event "Early-Titled-Tuesday-Blitz-March-12-2024"]
[Site "Chess.com"]
[Date "2024.03.12"]
[Round "7"]
[White "Ural_bogatyr"]
[Black "EpicPlayz282"]
[Result "0-1"]
[WhiteElo "2600"]
[BlackElo "2379"]
[TimeControl "180+1"]
[EndTime "9:16:51 PDT"]
[Termination "EpicPlayz282 won on time"]

1. d4 d5 2. Nc3 Nf6 3. Bf4 e6 4. Nb5 Na6 5. e3 Be7 6. Nf3 O-O 7. Be2 c6 8. Nc3 Qb6 9. Rb1 c5 10. O-O Bd7 11. Ne5 Rfd8 12. Bd3 Be8 13. a3 cxd4 14. exd4 Ne4 15. Ne2 Bf6 16. c3 Nd6 17. Ng3 g6 18. Ng4 Bg7 19. Be5 f5 20. Nf6+ Bxf6 21. Bxf6 Rdc8 22. Qd2 Qc7 23. Be5 Qe7 24. Qh6 Nc7 25. Rfe1 Bd7 26. Bf4 Nce8 27. f3 Nf7 28. Qh3 Ng7 29.
Re2 h5 30. Rbe1 g5 31. Nxf5 Nxf5 32. Qxf5 gxf4 33. Rxe6 Qh4 34. Qh7+ Kf8 35. Re7 Qxe7 36. Rxe7 Kxe7 37. Qxh5 Be6 38. Qh4+ Kd7 39. Qxf4 Rg8 40. h4 Nd6 41. h5 Raf8 42. Qe5 Rxf3 43. Bg6 Rff8 44. Qe2 Bf5 45. Bxf5+ Rxf5 46. h6 Rf7 0-1